[ AOE2 MATCH · #507213883 ]
UnrankedArmenians vs Italians
Player's team · WIN
Rival team · LOSS
[ REPLAY ANALYSIS · EXTRACTED FROM THE RECORDED GAME ]
Feudal
9:15
Castle
20:07
Imperial
35:38
| APM avg | 69.7 |
| APM peak | 108 |
| eAPM avg | 32.1 |
| Villagers / military | 139 / 186 |
Focus
⚔️ 37.7% · 🌾 62.3%
Militia ×70 · Skirmisher ×64 · Archer ×40 · Trebuchet (Packed) ×5 · Warrior Priest ×3 · Spearman ×2
Feudal
8:25
Castle
22:11
Imperial
37:49
| APM avg | 48.0 |
| APM peak | 74 |
| eAPM avg | 24.8 |
| Villagers / military | 176 / 141 |
Focus
⚔️ 35.8% · 🌾 64.2%
Skirmisher ×50 · Scout Cavalry ×30 · Hand Cannoneer ×25 · Cavalry Archer ×22 · Archer ×12 · Monk ×1
Match map
Initial resources + every placement click. Lines = walls · curves = elevation contours. ◆ gold · ⬟ stone · ● berries · ✦ relic · ◌ wall gap
Your base· Open — opponent sealed themselves in
[CL] el castigador's base· ✓ Closed at 22:11 · 64t walls · no gate
Smoothed initial terrain · ◌ = detected wall gap · hover for details
Inputs per minute
— Bubbagump - - [CL] el castigador
Build order — Bubbagump
First 150 of 583 actions detected
| 0:00 | Queue | Villager (Male) |
| 0:00 | Queue | Villager (Male) |
| 0:01 | Queue | Villager (Male) |
| 0:02 | Build | House |
| 0:03 | Build | House |
| 0:06 | Queue | Villager (Male) |
| 1:24 | Queue | Villager (Male) |
| 1:25 | Queue | Villager (Male) |
| 1:48 | Build | Mule Cart |
| 1:55 | Queue | Villager (Male) |
| 2:18 | Queue | Villager (Male) |
| 2:47 | Queue | Villager (Male) |
| 3:11 | Build | House |
| 3:15 | Queue | Villager (Male) |
| 3:40 | Queue | Villager (Male) |
| 4:00 | Queue | Villager (Male) |
| 4:26 | Queue | Villager (Male) |
| 4:50 | Queue | Villager (Male) |
| 5:19 | Queue | Villager (Male) |
| 5:23 | Build | Barracks |
| 5:42 | Queue | Villager (Male) |
| 5:42 | Research | Loom |
| 5:44 | Queue | Villager (Male) |
| 5:44 | Research | Loom |
| 5:49 | Build | House |
| 6:11 | Queue | Villager (Male) |
| 6:12 | Research | Loom |
| 6:47 | Build | Mule Cart |
| 7:01 | Research | Feudal Age |
| 7:19 | Queue | Militia |
| 7:23 | Build | House |
| 7:44 | Queue | Militia |
| 7:54 | Queue | Militia |
| 8:22 | Build | Mill |
| 8:35 | Queue | Villager (Male) |
| 9:15 | Age | Feudal Age |
| 9:17 | Research | Man-at-Arms (upgrade) |
| 9:25 | Research | Double-Bit Axe |
| 9:31 | Queue | Villager (Male) |
| 9:36 | Build | Archery Range |
| 10:05 | Queue | Villager (Male) |
| 10:06 | Queue | Spearman |
| 10:09 | Build | Farm |
| 10:11 | Build | Farm |
| 10:28 | Queue | Archer |
| 10:30 | Build | Palisade Wall |
| 10:31 | Build | House |
| 10:32 | Queue | Villager (Male) |
| 10:40 | Build | House |
| 10:48 | Build | Farm |
| 10:55 | Queue | Villager (Male) |
| 10:58 | Queue | Archer |
| 11:24 | Build | Farm |
| 11:25 | Queue | Villager (Male) |
| 11:29 | Build | Farm |
| 11:41 | Build | Palisade Wall |
| 11:51 | Queue | Villager (Male) |
| 11:52 | Build | Farm |
| 12:08 | Queue | Villager (Male) |
| 12:15 | Build | Farm |
| 12:16 | Build | Farm |
| 12:24 | Queue | Villager (Male) |
| 12:33 | Build | Farm |
| 12:40 | Build | House |
| 12:42 | Queue | Archer |
| 12:59 | Queue | Villager (Male) |
| 13:05 | Queue | Spearman |
| 13:18 | Build | Blacksmith |
| 13:23 | Queue | Villager (Male) |
| 13:39 | Build | Farm |
| 13:52 | Build | Palisade Wall |
| 13:55 | Research | Fletching |
| 13:56 | Queue | Villager (Male) |
| 13:57 | Queue | Archer |
| 14:06 | Build | Palisade Wall |
| 14:18 | Queue | Villager (Male) |
| 14:28 | Build | Farm |
| 14:38 | Queue | Archer |
| 14:40 | Queue | Villager (Male) |
| 15:01 | Queue | Villager (Male) |
| 15:06 | Queue | Villager (Male) |
| 15:16 | Queue | Villager (Male) |
| 15:23 | Queue | Villager (Male) |
| 15:29 | Queue | Villager (Male) |
| 15:30 | Queue | Archer |
| 15:37 | Queue | Villager (Male) |
| 15:38 | Build | Farm |
| 15:39 | Build | Farm |
| 15:41 | Build | House |
| 15:46 | Queue | Villager (Male) |
| 15:48 | Build | House |
| 16:09 | Queue | Villager (Male) |
| 16:30 | Build | Farm |
| 16:38 | Queue | Villager (Male) |
| 16:43 | Build | House |
| 16:44 | Queue | Archer |
| 16:49 | Build | House |
| 16:53 | Build | Palisade Wall |
| 17:27 | Research | Castle Age |
| 17:38 | Build | Mule Cart |
| 17:44 | Build | Archery Range |
| 17:52 | Build | House |
| 17:58 | Queue | Archer |
| 18:18 | Queue | Archer |
| 18:25 | Research | Gold Mining |
| 18:39 | Queue | Archer |
| 18:47 | Research | Horse Collar |
| 18:50 | Queue | Archer |
| 18:53 | Queue | Villager (Male) |
| 19:02 | Build | House |
| 19:22 | Queue | Archer |
| 19:42 | Queue | Villager (Male) |
| 19:43 | Queue | Archer |
| 19:51 | Build | Market |
| 20:07 | Age | Castle Age |
| 20:08 | Research | Bodkin Arrow |
| 20:08 | Research | Crossbowman (upgrade) |
| 20:18 | Research | Bow Saw |
| 20:22 | Queue | Archer |
| 20:30 | Queue | Archer |
| 20:41 | Build | Stable |
| 20:44 | Queue | Archer |
| 20:54 | Queue | Villager (Male) |
| 21:03 | Build | Town Center |
| 21:07 | Queue | Villager (Male) |
| 21:16 | Queue | Archer |
| 21:22 | Queue | Archer |
| 21:23 | Queue | Villager (Male) |
| 21:25 | Queue | Archer |
| 21:26 | Build | Farm |
| 21:27 | Queue | Villager (Male) |
| 21:27 | Queue | Archer |
| 21:42 | Queue | Archer |
| 22:00 | Queue | Knight |
| 22:07 | Build | Farm |
| 22:08 | Queue | Villager (Male) |
| 22:10 | Build | Farm |
| 22:10 | Build | Farm |
| 22:12 | Queue | Archer |
| 22:16 | Queue | Villager (Male) |
| 22:18 | Build | Farm |
| 22:23 | Queue | Archer |
| 22:30 | Build | Farm |
| 22:45 | Queue | Villager (Male) |
| 22:46 | Queue | Archer |
| 22:53 | Build | Farm |
| 22:59 | Build | Farm |
| 23:00 | Queue | Villager (Male) |
| 23:06 | Queue | Archer |
| 23:16 | Queue | Villager (Male) |
Build order — [CL] el castigador
First 150 of 500 actions detected
| 0:00 | Queue | Villager (Male) |
| 0:00 | Queue | Villager (Male) |
| 0:01 | Queue | Villager (Male) |
| 0:02 | Build | House |
| 0:02 | Build | House |
| 0:13 | Queue | Villager (Male) |
| 1:24 | Queue | Villager (Male) |
| 1:24 | Queue | Villager (Male) |
| 1:59 | Queue | Villager (Male) |
| 2:14 | Queue | Villager (Male) |
| 2:15 | Build | Lumber Camp |
| 2:30 | Queue | Villager (Male) |
| 2:30 | Queue | Villager (Male) |
| 2:51 | Queue | Villager (Male) |
| 2:51 | Queue | Villager (Male) |
| 3:07 | Queue | Villager (Male) |
| 3:08 | Queue | Villager (Male) |
| 3:25 | Build | House |
| 3:26 | Build | House |
| 3:32 | Queue | Villager (Male) |
| 3:32 | Queue | Villager (Male) |
| 3:57 | Queue | Villager (Male) |
| 3:58 | Queue | Villager (Male) |
| 4:31 | Queue | Villager (Male) |
| 4:31 | Queue | Villager (Male) |
| 4:32 | Queue | Villager (Male) |
| 4:33 | Queue | Villager (Male) |
| 4:34 | Queue | Villager (Male) |
| 4:40 | Build | Mill |
| 4:56 | Queue | Villager (Male) |
| 5:29 | Research | Loom |
| 6:03 | Research | Feudal Age |
| 7:00 | Build | Barracks |
| 7:33 | Queue | Villager (Male) |
| 8:15 | Build | House |
| 8:17 | Build | House |
| 8:22 | Build | House |
| 8:25 | Age | Feudal Age |
| 8:29 | Queue | Villager (Male) |
| 8:33 | Build | Stable |
| 8:38 | Research | Double-Bit Axe |
| 8:44 | Queue | Villager (Male) |
| 8:46 | Build | Palisade Wall |
| 8:46 | Build | Palisade Wall |
| 8:51 | Queue | Villager (Male) |
| 9:13 | Queue | Scout Cavalry |
| 9:14 | Research | Horse Collar |
| 9:33 | Build | House |
| 9:40 | Build | House |
| 9:49 | Queue | Villager (Male) |
| 9:51 | Build | Palisade Wall |
| 9:52 | Build | Palisade Wall |
| 9:54 | Build | Palisade Wall |
| 9:58 | Build | Palisade Wall |
| 10:00 | Build | Palisade Wall |
| 10:00 | Queue | Villager (Male) |
| 10:17 | Build | Archery Range |
| 10:18 | Queue | Villager (Male) |
| 10:18 | Queue | Villager (Male) |
| 10:42 | Build | Mining Camp |
| 10:51 | Queue | Villager (Male) |
| 10:56 | Queue | Archer |
| 11:24 | Build | Farm |
| 11:26 | Build | House |
| 11:34 | Queue | Villager (Male) |
| 11:37 | Build | Farm |
| 11:39 | Build | House |
| 11:52 | Build | Palisade Wall |
| 11:55 | Build | House |
| 12:09 | Queue | Archer |
| 12:17 | Build | Palisade Wall |
| 12:19 | Build | Palisade Wall |
| 12:25 | Queue | Villager (Male) |
| 12:42 | Build | Farm |
| 12:43 | Build | Farm |
| 12:45 | Build | Farm |
| 12:46 | Build | Farm |
| 12:48 | Queue | Villager (Male) |
| 13:12 | Build | Blacksmith |
| 13:25 | Build | Palisade Wall |
| 13:27 | Queue | Archer |
| 13:27 | Queue | Villager (Male) |
| 13:29 | Queue | Villager (Male) |
| 13:36 | Build | House |
| 13:38 | Build | House |
| 13:41 | Build | Palisade Wall |
| 13:50 | Queue | Villager (Male) |
| 13:53 | Build | Farm |
| 14:02 | Build | Farm |
| 14:09 | Research | Fletching |
| 14:09 | Research | Fletching |
| 14:11 | Queue | Skirmisher |
| 14:23 | Queue | Villager (Male) |
| 14:27 | Build | House |
| 14:29 | Build | Palisade Wall |
| 14:30 | Build | Palisade Wall |
| 14:36 | Build | Palisade Wall |
| 14:37 | Build | Palisade Wall |
| 14:37 | Queue | Villager (Male) |
| 14:41 | Queue | Archer |
| 14:55 | Build | House |
| 15:03 | Queue | Villager (Male) |
| 15:06 | Queue | Skirmisher |
| 15:28 | Build | House |
| 15:37 | Queue | Skirmisher |
| 15:46 | Queue | Villager (Male) |
| 15:51 | Build | Farm |
| 16:02 | Queue | Villager (Male) |
| 16:20 | Queue | Villager (Male) |
| 16:21 | Build | House |
| 16:40 | Queue | Archer |
| 16:40 | Queue | Archer |
| 16:41 | Build | Farm |
| 16:44 | Build | Lumber Camp |
| 16:49 | Queue | Villager (Male) |
| 16:58 | Queue | Archer |
| 16:58 | Queue | Archer |
| 17:00 | Build | Farm |
| 17:02 | Build | Farm |
| 17:06 | Queue | Villager (Male) |
| 17:26 | Queue | Villager (Male) |
| 17:32 | Build | Farm |
| 17:33 | Build | Farm |
| 17:37 | Queue | Archer |
| 17:54 | Queue | Villager (Male) |
| 18:01 | Queue | Archer |
| 18:09 | Build | House |
| 18:17 | Build | Palisade Wall |
| 18:20 | Build | Palisade Wall |
| 18:21 | Build | Palisade Wall |
| 18:22 | Queue | Villager (Male) |
| 18:40 | Queue | Villager (Male) |
| 19:04 | Queue | Villager (Male) |
| 19:07 | Build | House |
| 19:10 | Build | House |
| 19:14 | Research | Castle Age |
| 19:27 | Build | Archery Range |
| 19:39 | Research | Gold Mining |
| 19:41 | Research | Padded Archer Armor |
| 19:42 | Research | Padded Archer Armor |
| 20:05 | Build | House |
| 20:06 | Build | House |
| 20:26 | Queue | Villager (Male) |
| 20:26 | Queue | Archer |
| 20:27 | Queue | Archer |
| 20:58 | Queue | Skirmisher |
| 20:58 | Queue | Skirmisher |
| 20:59 | Queue | Skirmisher |
| 21:24 | Queue | Villager (Male) |
| 21:38 | Queue | Skirmisher |
Match timeline
| 5:23 | Bubbagump · first_building Barracks |
| 7:00 | [CL] el castigador · first_building Barracks |
| 8:25 | [CL] el castigador · age_up feudal |
| 8:33 | [CL] el castigador · first_building Stable |
| 8:46 | [CL] el castigador · wall_segment Palisade Wall x1 |
| 8:46 | [CL] el castigador · wall_segment Palisade Wall x1 |
| 9:15 | Bubbagump · age_up feudal |
| 9:36 | Bubbagump · first_building Archery Range |
| 9:51 | [CL] el castigador · wall_segment Palisade Wall x1 |
| 9:52 | [CL] el castigador · wall_segment Palisade Wall x2 |
| 9:54 | [CL] el castigador · wall_segment Palisade Wall x1 |
| 9:58 | [CL] el castigador · wall_segment Palisade Wall x1 |
| 10:00 | [CL] el castigador · wall_segment Palisade Wall x1 |
| 10:17 | [CL] el castigador · first_building Archery Range |
| 10:30 | Bubbagump · wall_segment Palisade Wall x1 |
| 11:41 | Bubbagump · wall_segment Palisade Wall x6 |
| 11:52 | [CL] el castigador · wall_segment Palisade Wall x1 |
| 12:17 | [CL] el castigador · wall_segment Palisade Wall x1 |
| 12:19 | [CL] el castigador · wall_segment Palisade Wall x1 |
| 13:25 | [CL] el castigador · wall_segment Palisade Wall x4 |
| 13:41 | [CL] el castigador · wall_segment Palisade Wall x5 |
| 13:52 | Bubbagump · wall_segment Palisade Wall x1 |
| 14:06 | Bubbagump · wall_segment Palisade Wall x11 |
| 14:29 | [CL] el castigador · wall_segment Palisade Wall x7 |
| 14:30 | [CL] el castigador · wall_segment Palisade Wall x7 |
| 14:36 | [CL] el castigador · wall_segment Palisade Wall x5 |
| 14:37 | [CL] el castigador · wall_segment Palisade Wall x5 |
| 16:53 | Bubbagump · wall_segment Palisade Wall x4 |
| 18:17 | [CL] el castigador · wall_segment Palisade Wall x12 |
| 18:20 | [CL] el castigador · wall_segment Palisade Wall x6 |
| 18:21 | [CL] el castigador · wall_segment Palisade Wall x5 |
| 20:07 | Bubbagump · age_up castle |
| 20:41 | Bubbagump · first_building Stable |
| 22:11 | [CL] el castigador · age_up castle |
| 25:33 | Bubbagump · first_building Monastery |
| 28:09 | [CL] el castigador · first_market_buy 100 food |
| 28:09 | Bubbagump · first_market_buy 100 stone |
| 30:33 | [CL] el castigador · first_market_sell 100 wood |
| 32:00 | [CL] el castigador · first_building Monastery |
| 32:16 | Bubbagump · first_market_sell 100 wood |
| 32:40 | Bubbagump · wall_segment Stone Wall x1 |
| 32:43 | Bubbagump · wall_segment Stone Wall x2 |
| 34:07 | Bubbagump · first_building Castle |
| 34:11 | [CL] el castigador · first_building Castle |
| 35:38 | Bubbagump · age_up imperial |
| 37:33 | Bubbagump · wall_segment Stone Wall x1 |
| 37:33 | Bubbagump · wall_segment Stone Wall x1 |
| 37:33 | Bubbagump · wall_segment Stone Wall x1 |
| 37:34 | Bubbagump · wall_segment Stone Wall x2 |
| 37:34 | Bubbagump · wall_segment Stone Wall x1 |
| 37:34 | Bubbagump · wall_segment Stone Wall x2 |
| 37:34 | Bubbagump · wall_segment Stone Wall x1 |
| 37:34 | Bubbagump · wall_segment Stone Wall x2 |
| 37:49 | [CL] el castigador · age_up imperial |
| 39:24 | [CL] el castigador · first_building Siege Workshop |
| 40:42 | Bubbagump · wall_segment Stone Wall x1 |
| 40:43 | Bubbagump · wall_segment Stone Wall x2 |
| 40:43 | Bubbagump · wall_segment Stone Wall x1 |
| 40:43 | Bubbagump · wall_segment Stone Wall x2 |
| 41:38 | Bubbagump · wall_segment Stone Wall x1 |
| 41:38 | Bubbagump · wall_segment Stone Wall x2 |
| 41:38 | Bubbagump · wall_segment Stone Wall x2 |
| 41:38 | Bubbagump · wall_segment Stone Wall x2 |
| 41:38 | Bubbagump · wall_segment Stone Wall x1 |
| 41:39 | Bubbagump · wall_segment Stone Wall x1 |
| 41:39 | Bubbagump · wall_segment Stone Wall x2 |
| 42:07 | Bubbagump · first_building Siege Workshop |
| 43:41 | [CL] el castigador · resign |
[ AI ANALYSIS · 1 CREDIT ]
What really happened in this match?
Wolo.gg analyzes every decision: build order, eco, micro, common mistakes by bracket. Personalized analysis on WhatsApp or Discord in 30 seconds.
Civ guide
Armenians
Perfil
Jugador #412636